[ AOE2 MATCH · #474439079 ]
UnrankedPersians vs Khmer
[ REPLAY ANALYSIS · EXTRACTED FROM THE RECORDED GAME ]
Feudal
9:43
Castle
19:58
Imperial
33:58
| APM avg | 29.7 |
| APM peak | 55 |
| eAPM avg | 13.4 |
| Villagers / military | 126 / 22 |
Focus
⚔️ 15.8% · 🌾 84.2%
Knight ×18 · Fishing Ship ×17 · Scout Cavalry ×4
Feudal
9:01
Castle
26:18
Imperial
—
| APM avg | 49.5 |
| APM peak | 81 |
| eAPM avg | 21.8 |
| Villagers / military | 91 / 109 |
Focus
⚔️ 44.0% · 🌾 56.0%
Archer ×108 · Skirmisher ×1
Feudal
11:03
Castle
19:18
Imperial
—
| APM avg | 25.0 |
| APM peak | 72 |
| eAPM avg | 10.8 |
| Villagers / military | 87 / 11 |
Focus
⚔️ 11.5% · 🌾 88.5%
Knight ×11
Feudal
—
Castle
—
Imperial
—
| APM avg | 29.8 |
| APM peak | 60 |
| eAPM avg | 14.5 |
| Villagers / military | 110 / 15 |
Focus
⚔️ 10.2% · 🌾 89.8%
Fishing Ship ×8 · Mangonel ×6 · Scout Cavalry ×6 · Monk ×2 · Scorpion ×1
Feudal
12:44
Castle
16:39
Imperial
—
| APM avg | 41.9 |
| APM peak | 90 |
| eAPM avg | 17.9 |
| Villagers / military | 98 / 57 |
Focus
⚔️ 23.9% · 🌾 76.1%
Archer ×32 · Spearman ×20 · Fishing Ship ×7 · Mangonel ×3 · Monk ×2
Feudal
10:58
Castle
30:39
Imperial
—
| APM avg | 49.3 |
| APM peak | 89 |
| eAPM avg | 19.2 |
| Villagers / military | 86 / 77 |
Focus
⚔️ 31.8% · 🌾 68.2%
Scout Cavalry ×49 · Fishing Ship ×14 · Knight ×11 · Spearman ×9 · Camel Scout ×8
Feudal
8:50
Castle
25:13
Imperial
—
| APM avg | 47.4 |
| APM peak | 76 |
| eAPM avg | 18.6 |
| Villagers / military | 88 / 79 |
Focus
⚔️ 26.4% · 🌾 73.6%
Knight ×47 · Scout Cavalry ×32
Feudal
—
Castle
—
Imperial
—
| APM avg | 28.6 |
| APM peak | 53 |
| eAPM avg | 17.2 |
| Villagers / military | 62 / 36 |
Focus
⚔️ 39.3% · 🌾 60.7%
Skirmisher ×29 · Spearman ×6 · Fishing Ship ×5 · Demolition Raft ×1
Match map
Initial resources + every placement click. Lines = walls · curves = elevation contours. ◆ gold · ⬟ stone · ● berries · ✦ relic · ◌ wall gap
Your base· Open — unwalled flank
劳力天尊's base· Open — 6t gap
Mr. Fay's base· ✓ Closed at 19:18 · 73t walls · no gate
Ziton127's base· Open — unwalled flank
johnnyrak's base· Open — 4t gap
Gompachiro's base· ✓ Closed at 30:39 · 95t walls · 2 gate(s)
HOU's base· Open — 6t gap
El Gargolaaa's base· Open — unwalled flank
Smoothed initial terrain · ◌ = detected wall gap · hover for details
Inputs per minute
— Wonder RF - - 劳力天尊
Build order — Wonder RF
First 150 of 305 actions detected
| 0:01 | Create | Villager (Male) |
| 0:01 | Create | Villager (Male) |
| 0:01 | Create | Villager (Male) |
| 0:03 | Build | House |
| 0:04 | Build | House |
| 0:48 | Create | Villager (Male) |
| 0:48 | Create | Villager (Male) |
| 1:27 | Create | Villager (Male) |
| 2:02 | Create | Villager (Male) |
| 2:05 | Build | Lumber Camp |
| 2:25 | Create | Villager (Male) |
| 2:39 | Create | Villager (Male) |
| 2:40 | Create | Villager (Male) |
| 2:49 | Create | Villager (Male) |
| 3:18 | Build | House |
| 3:27 | Create | Villager (Male) |
| 3:43 | Create | Villager (Male) |
| 3:43 | Create | Villager (Male) |
| 3:47 | Build | Mill |
| 4:19 | Create | Villager (Male) |
| 5:09 | Create | Villager (Male) |
| 5:09 | Create | Villager (Male) |
| 5:09 | Create | Villager (Male) |
| 5:25 | Build | House |
| 5:30 | Create | Villager (Male) |
| 6:08 | Create | Villager (Male) |
| 6:35 | Build | Dock |
| 7:04 | Research | Loom |
| 7:32 | Create | Fishing Ship |
| 7:39 | Research | Feudal Age |
| 8:17 | Build | House |
| 8:51 | Build | Barracks |
| 8:53 | Create | Villager (Male) |
| 9:00 | Create | Fishing Ship |
| 9:42 | Build | Palisade Wall |
| 9:43 | Age | Feudal Age |
| 9:49 | Build | Stable |
| 9:50 | Create | Villager (Male) |
| 10:06 | Create | Villager (Male) |
| 10:12 | Build | Blacksmith |
| 10:15 | Research | Double-Bit Axe |
| 10:36 | Create | Fishing Ship |
| 10:46 | Build | Palisade Wall |
| 10:53 | Create | Villager (Male) |
| 11:08 | Build | House |
| 11:09 | Build | House |
| 11:13 | Create | Scout Cavalry |
| 11:15 | Create | Villager (Male) |
| 11:32 | Create | Villager (Male) |
| 11:36 | Create | Fishing Ship |
| 11:45 | Build | Dock |
| 11:56 | Build | Palisade Wall |
| 11:58 | Create | Villager (Male) |
| 12:02 | Build | Mining Camp |
| 12:14 | Create | Villager (Male) |
| 12:15 | Create | Villager (Male) |
| 12:33 | Build | House |
| 12:34 | Create | Villager (Male) |
| 12:58 | Build | Palisade Wall |
| 13:02 | Create | Villager (Male) |
| 13:12 | Build | Palisade Wall |
| 13:30 | Create | Villager (Male) |
| 13:34 | Create | Fishing Ship |
| 13:34 | Create | Fishing Ship |
| 13:38 | Research | Tech 906 |
| 13:43 | Create | Villager (Male) |
| 14:07 | Build | House |
| 14:17 | Create | Fishing Ship |
| 14:29 | Create | Villager (Male) |
| 14:39 | Build | Mill |
| 14:43 | Build | House |
| 15:06 | Build | House |
| 15:08 | Create | Villager (Male) |
| 15:08 | Create | Villager (Male) |
| 15:26 | Create | Fishing Ship |
| 15:26 | Create | Fishing Ship |
| 15:36 | Build | Farm |
| 15:41 | Create | Villager (Male) |
| 15:50 | Build | House |
| 15:52 | Build | House |
| 15:59 | Build | Farm |
| 16:01 | Build | Farm |
| 16:02 | Research | Horse Collar |
| 16:06 | Build | House |
| 16:23 | Create | Scout Cavalry |
| 16:23 | Create | Scout Cavalry |
| 16:44 | Create | Scout Cavalry |
| 16:45 | Create | Villager (Male) |
| 16:45 | Create | Villager (Male) |
| 17:07 | Build | House |
| 17:32 | Research | Castle Age |
| 17:33 | Research | Castle Age |
| 18:11 | Research | Bloodlines |
| 18:30 | Build | House |
| 18:31 | Build | House |
| 18:32 | Build | House |
| 18:40 | Create | Fishing Ship |
| 18:40 | Create | Fishing Ship |
| 18:47 | Build | Palisade Wall |
| 19:13 | Build | Stable |
| 19:45 | Build | Palisade Gate |
| 19:58 | Age | Castle Age |
| 20:04 | Build | Town Center |
| 20:06 | Create | Villager (Male) |
| 20:07 | Create | Villager (Male) |
| 20:22 | Research | Light Cavalry (upgrade) |
| 20:30 | Create | Knight |
| 20:31 | Create | Knight |
| 20:31 | Create | Knight |
| 20:31 | Create | Knight |
| 20:33 | Research | Scale Barding Armor |
| 20:35 | Create | Villager (Male) |
| 20:36 | Create | Villager (Male) |
| 20:39 | Build | House |
| 20:40 | Build | House |
| 20:43 | Research | Gillnets |
| 20:52 | Research | Bow Saw |
| 21:16 | Research | Husbandry |
| 21:21 | Research | Chain Barding Armor |
| 21:35 | Create | Villager (Male) |
| 21:41 | Build | Farm |
| 22:00 | Create | Villager (Male) |
| 22:01 | Create | Villager (Male) |
| 22:02 | Create | Villager (Male) |
| 22:06 | Build | House |
| 22:12 | Build | House |
| 22:14 | Create | Villager (Male) |
| 22:14 | Create | Villager (Male) |
| 22:19 | Build | Town Center |
| 22:33 | Create | Knight |
| 22:34 | Create | Knight |
| 22:35 | Create | Villager (Male) |
| 22:35 | Create | Villager (Male) |
| 22:45 | Build | Palisade Wall |
| 22:52 | Create | Villager (Male) |
| 22:53 | Create | Villager (Male) |
| 23:15 | Create | Villager (Male) |
| 23:22 | Build | Farm |
| 23:22 | Build | Farm |
| 23:22 | Build | Farm |
| 23:23 | Build | Farm |
| 23:23 | Build | Farm |
| 23:34 | Create | Villager (Male) |
| 23:34 | Create | Villager (Male) |
| 23:41 | Build | Fish Trap |
| 23:43 | Build | Fish Trap |
| 23:46 | Build | Fish Trap |
| 23:49 | Build | Fish Trap |
| 24:04 | Build | Farm |
| 24:07 | Create | Villager (Male) |
Build order — 劳力天尊
First 150 of 286 actions detected
| 0:02 | Research | Loom |
| 0:46 | Create | Villager (Male) |
| 0:46 | Create | Villager (Male) |
| 1:13 | Create | Villager (Male) |
| 1:13 | Create | Villager (Male) |
| 1:38 | Create | Villager (Male) |
| 1:38 | Create | Villager (Male) |
| 1:43 | Build | Lumber Camp |
| 2:02 | Create | Villager (Male) |
| 2:02 | Create | Villager (Male) |
| 2:32 | Create | Villager (Male) |
| 2:32 | Create | Villager (Male) |
| 2:49 | Create | Villager (Male) |
| 2:49 | Create | Villager (Male) |
| 3:11 | Build | House |
| 3:13 | Build | House |
| 3:21 | Create | Villager (Male) |
| 3:21 | Create | Villager (Male) |
| 3:53 | Create | Villager (Male) |
| 3:53 | Create | Villager (Male) |
| 3:53 | Create | Villager (Male) |
| 4:13 | Build | Palisade Wall |
| 4:23 | Create | Villager (Male) |
| 5:10 | Create | Villager (Male) |
| 5:34 | Create | Villager (Male) |
| 5:34 | Create | Villager (Male) |
| 5:53 | Build | Mining Camp |
| 6:13 | Create | Villager (Male) |
| 6:51 | Research | Feudal Age |
| 8:10 | Build | Barracks |
| 8:15 | Build | House |
| 8:28 | Create | Villager (Male) |
| 9:01 | Age | Feudal Age |
| 9:12 | Build | Archery Range |
| 9:15 | Build | Archery Range |
| 9:18 | Create | Villager (Male) |
| 9:33 | Build | House |
| 9:46 | Create | Villager (Male) |
| 9:57 | Build | Blacksmith |
| 9:59 | Build | House |
| 10:10 | Create | Archer |
| 10:11 | Create | Archer |
| 10:19 | Create | Villager (Male) |
| 10:46 | Create | Villager (Male) |
| 10:47 | Create | Archer |
| 10:47 | Create | Archer |
| 10:56 | Create | Archer |
| 10:56 | Create | Archer |
| 11:13 | Create | Villager (Male) |
| 11:21 | Research | Double-Bit Axe |
| 11:31 | Research | Fletching |
| 11:33 | Create | Villager (Male) |
| 11:33 | Create | Villager (Male) |
| 11:36 | Create | Archer |
| 11:36 | Create | Archer |
| 11:48 | Build | Mill |
| 11:50 | Build | House |
| 11:54 | Create | Archer |
| 11:54 | Create | Archer |
| 11:55 | Create | Villager (Male) |
| 12:09 | Create | Archer |
| 12:09 | Create | Archer |
| 12:10 | Create | Villager (Male) |
| 12:10 | Create | Villager (Male) |
| 12:26 | Create | Archer |
| 12:33 | Create | Villager (Male) |
| 12:34 | Build | Farm |
| 12:48 | Build | Farm |
| 12:49 | Create | Archer |
| 13:02 | Create | Archer |
| 13:04 | Create | Villager (Male) |
| 13:04 | Create | Villager (Male) |
| 13:15 | Create | Villager (Male) |
| 13:22 | Build | Farm |
| 13:23 | Build | Farm |
| 13:51 | Create | Archer |
| 13:52 | Create | Archer |
| 13:52 | Create | Villager (Male) |
| 14:01 | Create | Archer |
| 14:22 | Create | Archer |
| 14:23 | Create | Villager (Male) |
| 14:36 | Build | House |
| 14:37 | Build | House |
| 14:39 | Build | Lumber Camp |
| 14:48 | Create | Archer |
| 15:09 | Create | Archer |
| 15:09 | Create | Archer |
| 15:10 | Create | Villager (Male) |
| 15:45 | Create | Archer |
| 15:46 | Create | Archer |
| 15:51 | Build | Archery Range |
| 16:04 | Research | Padded Archer Armor |
| 16:04 | Create | Archer |
| 16:06 | Create | Villager (Male) |
| 16:12 | Research | Double-Bit Axe |
| 16:13 | Research | Horse Collar |
| 16:18 | Build | House |
| 16:23 | Create | Archer |
| 16:34 | Create | Archer |
| 16:41 | Create | Villager (Male) |
| 16:44 | Build | Farm |
| 16:44 | Build | Farm |
| 16:45 | Build | Farm |
| 17:01 | Create | Archer |
| 17:09 | Create | Archer |
| 17:09 | Create | Archer |
| 17:12 | Create | Villager (Male) |
| 17:12 | Create | Villager (Male) |
| 17:33 | Create | Archer |
| 17:33 | Create | Archer |
| 17:34 | Create | Villager (Male) |
| 17:42 | Create | Villager (Male) |
| 17:46 | Build | Farm |
| 17:48 | Create | Archer |
| 18:02 | Create | Archer |
| 18:03 | Create | Villager (Male) |
| 18:16 | Build | House |
| 18:21 | Build | House |
| 18:22 | Build | House |
| 18:22 | Build | House |
| 18:39 | Create | Archer |
| 19:07 | Create | Archer |
| 19:07 | Create | Archer |
| 19:15 | Create | Villager (Male) |
| 19:16 | Create | Archer |
| 19:20 | Build | Farm |
| 19:20 | Build | Farm |
| 19:20 | Build | Farm |
| 19:20 | Build | Farm |
| 19:27 | Create | Archer |
| 19:56 | Create | Archer |
| 19:56 | Create | Archer |
| 20:03 | Create | Villager (Male) |
| 20:25 | Create | Archer |
| 20:26 | Create | Villager (Male) ×5 |
| 20:39 | Create | Archer |
| 20:39 | Create | Archer |
| 20:42 | Build | Farm |
| 20:43 | Build | Farm |
| 20:43 | Build | Farm |
| 20:43 | Build | Farm |
| 20:43 | Build | Farm |
| 20:44 | Build | Farm |
| 20:44 | Build | Farm |
| 20:49 | Create | Archer |
| 21:05 | Create | Archer |
| 21:30 | Create | Villager (Male) |
| 21:31 | Create | Archer |
| 21:32 | Create | Archer |
| 21:41 | Build | Lumber Camp |
Build order — Mr. Fay
First 150 of 210 actions detected
| 0:01 | Create | Villager (Male) |
| 0:02 | Create | Villager (Male) |
| 0:02 | Create | Villager (Male) |
| 0:02 | Create | Villager (Male) |
| 0:02 | Create | Villager (Male) |
| 0:04 | Build | House |
| 0:05 | Build | House |
| 1:25 | Create | Villager (Male) |
| 1:44 | Build | Lumber Camp |
| 2:00 | Create | Villager (Male) |
| 2:20 | Create | Villager (Male) |
| 2:49 | Create | Villager (Male) |
| 3:03 | Create | Villager (Male) |
| 3:36 | Create | Villager (Male) |
| 3:51 | Build | House |
| 4:07 | Create | Villager (Male) |
| 4:23 | Create | Villager (Male) |
| 4:39 | Build | House |
| 4:56 | Create | Villager (Male) |
| 4:57 | Create | Villager (Male) |
| 5:15 | Build | House |
| 5:20 | Build | House |
| 5:22 | Build | House |
| 5:29 | Create | Villager (Male) |
| 6:01 | Create | Villager (Male) |
| 6:02 | Create | Villager (Male) |
| 6:13 | Create | Villager (Male) |
| 6:22 | Build | House |
| 6:26 | Build | Palisade Wall |
| 7:12 | Build | House |
| 7:18 | Build | Palisade Wall |
| 7:19 | Build | Palisade Wall |
| 7:31 | Create | Villager (Male) |
| 8:09 | Research | Loom |
| 8:53 | Research | Feudal Age |
| 9:25 | Build | House |
| 9:46 | Build | Mill |
| 9:58 | Build | Palisade Wall |
| 10:23 | Build | Palisade Wall |
| 10:38 | Build | House |
| 10:42 | Build | House |
| 10:58 | Build | Lumber Camp |
| 11:03 | Age | Feudal Age |
| 11:03 | Create | Villager (Male) |
| 11:03 | Create | Villager (Male) |
| 11:11 | Create | Villager (Male) |
| 11:17 | Build | Stone Wall |
| 11:46 | Build | Mining Camp |
| 11:52 | Build | House |
| 11:54 | Build | House |
| 12:04 | Research | Double-Bit Axe |
| 12:09 | Create | Villager (Male) |
| 12:22 | Build | Stone Wall |
| 12:31 | Build | Farm |
| 12:47 | Build | Farm |
| 12:49 | Create | Villager (Male) |
| 13:00 | Build | Blacksmith |
| 13:04 | Build | House |
| 13:10 | Create | Villager (Male) |
| 13:17 | Build | Farm |
| 13:38 | Create | Villager (Male) |
| 13:42 | Build | Farm |
| 14:05 | Build | Farm |
| 14:08 | Build | Farm |
| 14:08 | Create | Villager (Male) |
| 14:29 | Create | Villager (Male) |
| 14:35 | Build | Farm |
| 14:36 | Create | Villager (Male) |
| 14:55 | Build | Stone Wall |
| 15:01 | Build | Farm |
| 15:21 | Create | Villager (Male) |
| 15:28 | Build | Market |
| 15:33 | Build | Farm |
| 15:44 | Create | Villager (Male) |
| 15:51 | Build | Mining Camp |
| 15:54 | Build | Farm |
| 15:59 | Create | Villager (Male) |
| 16:33 | Research | Castle Age |
| 16:54 | Research | Horse Collar |
| 17:21 | Research | Gold Mining |
| 18:34 | Research | Stone Mining |
| 18:39 | Research | Scale Barding Armor |
| 18:40 | Research | Forging |
| 19:13 | Create | Villager (Male) |
| 19:13 | Create | Villager (Male) |
| 19:14 | Create | Villager (Male) |
| 19:18 | Age | Castle Age |
| 19:23 | Build | Town Center |
| 19:28 | Create | Villager (Male) |
| 19:28 | Create | Villager (Male) |
| 19:34 | Build | Town Center |
| 19:43 | Create | Villager (Male) |
| 20:43 | Research | Wheelbarrow |
| 21:00 | Create | Villager (Male) |
| 21:00 | Create | Villager (Male) |
| 21:01 | Create | Villager (Male) |
| 21:12 | Create | Villager (Male) |
| 21:12 | Create | Villager (Male) |
| 21:20 | Build | Farm |
| 21:21 | Build | Farm |
| 21:21 | Build | Farm |
| 21:21 | Build | Farm |
| 21:22 | Build | Farm |
| 21:23 | Build | Farm |
| 21:49 | Build | Stable |
| 22:00 | Research | Town Watch |
| 22:02 | Create | Villager (Male) |
| 22:03 | Create | Villager (Male) |
| 22:05 | Create | Villager (Male) |
| 22:06 | Create | Villager (Male) |
| 22:09 | Create | Villager (Male) |
| 22:23 | Build | Farm |
| 22:40 | Build | Stable |
| 22:49 | Create | Villager (Male) |
| 22:51 | Create | Villager (Male) |
| 22:55 | Research | Husbandry |
| 22:56 | Research | Bloodlines |
| 23:14 | Build | Farm |
| 23:14 | Build | Farm |
| 23:15 | Build | Farm |
| 23:15 | Build | Farm |
| 23:15 | Build | Farm |
| 23:16 | Build | Farm |
| 23:21 | Build | Farm |
| 23:22 | Build | Farm |
| 23:24 | Build | Farm |
| 23:25 | Build | Farm |
| 23:47 | Build | House |
| 23:52 | Build | Farm |
| 24:20 | Create | Knight ×5 |
| 24:20 | Create | Knight ×4 |
| 25:01 | Build | Castle |
| 25:22 | Build | House |
| 25:35 | Build | Stone Wall |
| 25:38 | Build | Stone Wall |
| 25:46 | Create | Villager (Male) |
| 26:09 | Build | Siege Workshop |
| 26:40 | Create | Villager (Male) |
| 26:41 | Create | Villager (Male) |
| 26:41 | Create | Villager (Male) |
| 26:41 | Create | Villager (Male) |
| 26:43 | Create | Villager (Male) |
| 26:44 | Create | Villager (Male) |
| 26:44 | Create | Villager (Male) |
| 26:44 | Create | Villager (Male) |
| 26:44 | Create | Villager (Male) |
| 27:38 | Build | Castle |
| 27:42 | Create | Villager (Male) |
| 27:42 | Create | Villager (Male) |
| 27:43 | Create | Villager (Male) |
Build order — Ziton127
First 150 of 242 actions detected
| 0:05 | Build | House |
| 0:06 | Create | Villager (Male) |
| 0:07 | Build | House |
| 0:23 | Create | Villager (Male) |
| 0:29 | Create | Villager (Male) |
| 0:29 | Create | Villager (Male) |
| 0:35 | Create | Villager (Male) |
| 1:28 | Create | Villager (Male) |
| 2:05 | Create | Villager (Male) |
| 2:27 | Create | Villager (Male) |
| 2:55 | Create | Villager (Male) |
| 3:04 | Build | Lumber Camp |
| 3:08 | Create | Villager (Male) |
| 3:42 | Create | Villager (Male) |
| 3:49 | Build | House |
| 3:50 | Build | House |
| 3:54 | Create | Villager (Male) |
| 4:15 | Build | House |
| 4:25 | Create | Villager (Male) |
| 4:49 | Build | Barracks |
| 5:19 | Create | Villager (Male) |
| 5:20 | Create | Villager (Male) |
| 6:03 | Create | Villager (Male) |
| 6:15 | Create | Villager (Male) |
| 6:39 | Research | Loom |
| 7:25 | Build | Dock |
| 7:46 | Research | Feudal Age |
| 8:18 | Create | Fishing Ship |
| 9:52 | Create | Villager (Male) |
| 9:52 | Create | Villager (Male) |
| 10:02 | Build | Stable |
| 10:21 | Build | House |
| 10:23 | Build | House |
| 10:23 | Build | House |
| 10:24 | Create | Villager (Male) |
| 10:45 | Create | Scout Cavalry |
| 10:45 | Create | Scout Cavalry |
| 10:46 | Create | Scout Cavalry |
| 10:52 | Create | Villager (Male) |
| 10:54 | Research | Double-Bit Axe |
| 11:07 | Create | Fishing Ship |
| 11:22 | Create | Villager (Male) |
| 11:38 | Create | Fishing Ship |
| 11:47 | Create | Scout Cavalry |
| 12:00 | Build | Mill |
| 12:12 | Create | Villager (Male) |
| 12:15 | Create | Fishing Ship |
| 12:31 | Create | Fishing Ship |
| 12:49 | Build | House |
| 12:51 | Build | House |
| 12:52 | Build | House |
| 12:53 | Build | House |
| 12:55 | Build | House |
| 12:56 | Build | House |
| 12:57 | Create | Villager (Male) |
| 13:16 | Create | Villager (Male) |
| 13:20 | Create | Scout Cavalry |
| 13:52 | Create | Villager (Male) |
| 13:56 | Create | Fishing Ship |
| 13:59 | Create | Villager (Male) |
| 14:19 | Create | Villager (Male) |
| 15:05 | Create | Villager (Male) |
| 15:20 | Create | Villager (Male) |
| 15:27 | Create | Fishing Ship |
| 15:27 | Create | Fishing Ship |
| 15:39 | Build | Market |
| 15:42 | Build | Blacksmith |
| 15:43 | Create | Villager (Male) |
| 15:55 | Create | Villager (Male) |
| 16:03 | Build | Mining Camp |
| 16:04 | Create | Villager (Male) |
| 16:11 | Build | Mill |
| 16:59 | Create | Villager (Male) |
| 17:29 | Create | Villager (Male) |
| 17:30 | Create | Villager (Male) |
| 17:42 | Build | Palisade Wall |
| 18:28 | Create | Villager (Male) |
| 18:33 | Research | Castle Age |
| 19:08 | Build | Palisade Gate |
| 19:25 | Build | Palisade Wall |
| 19:36 | Build | Fish Trap |
| 19:37 | Build | Fish Trap |
| 19:37 | Build | Fish Trap |
| 19:37 | Build | Fish Trap |
| 19:38 | Build | Fish Trap |
| 19:38 | Build | Fish Trap |
| 19:38 | Build | Fish Trap |
| 19:39 | Build | Fish Trap |
| 19:39 | Build | Fish Trap |
| 19:39 | Build | Fish Trap |
| 19:39 | Build | Fish Trap |
| 20:46 | Create | Villager (Male) |
| 21:05 | Build | Town Center |
| 21:07 | Create | Villager (Male) |
| 21:14 | Build | Town Center |
| 21:21 | Build | Monastery |
| 21:29 | Build | Mining Camp |
| 21:34 | Create | Villager (Male) |
| 21:35 | Create | Villager (Male) |
| 21:35 | Create | Villager (Male) |
| 22:07 | Create | Villager (Male) |
| 22:07 | Create | Villager (Male) |
| 22:08 | Create | Villager (Male) |
| 22:08 | Create | Villager (Male) |
| 22:11 | Research | Horse Collar |
| 22:28 | Create | Monk |
| 22:28 | Create | Monk |
| 22:28 | Create | Villager (Male) |
| 22:29 | Create | Villager (Male) |
| 22:29 | Create | Villager (Male) |
| 22:35 | Build | House |
| 22:36 | Build | House |
| 22:37 | Build | House |
| 22:37 | Build | House |
| 22:38 | Build | House |
| 22:42 | Create | Villager (Male) |
| 22:42 | Create | Villager (Male) |
| 22:43 | Create | Villager (Male) |
| 22:51 | Create | Scout Cavalry |
| 22:56 | Create | Villager (Male) |
| 22:56 | Create | Villager (Male) |
| 22:57 | Create | Villager (Male) |
| 22:58 | Create | Villager (Male) |
| 23:12 | Create | Villager (Male) |
| 23:12 | Create | Villager (Male) |
| 23:20 | Build | House |
| 23:21 | Build | House |
| 23:23 | Build | House |
| 23:30 | Build | Gate |
| 23:48 | Create | Villager (Male) |
| 23:48 | Create | Villager (Male) |
| 23:49 | Create | Villager (Male) |
| 24:02 | Build | Lumber Camp |
| 24:08 | Research | Stone Mining |
| 24:46 | Create | Villager (Male) |
| 24:46 | Create | Villager (Male) |
| 24:47 | Create | Villager (Male) |
| 24:53 | Build | Farm |
| 24:53 | Build | Farm |
| 24:53 | Build | Farm |
| 24:53 | Build | Farm |
| 24:54 | Build | Farm |
| 24:54 | Build | Farm |
| 24:54 | Build | Farm |
| 24:55 | Build | Farm |
| 24:55 | Build | Farm |
| 24:55 | Build | Farm |
| 24:55 | Build | Farm |
| 24:56 | Build | Farm |
| 24:56 | Build | Farm |
Build order — johnnyrak
First 150 of 283 actions detected
| 0:03 | Create | Villager (Male) |
| 0:03 | Create | Villager (Male) |
| 0:03 | Create | Villager (Male) |
| 0:04 | Build | House |
| 0:06 | Build | House |
| 0:32 | Create | Villager (Male) |
| 0:32 | Create | Villager (Male) |
| 1:25 | Create | Villager (Male) |
| 1:25 | Create | Villager (Male) |
| 2:07 | Create | Villager (Male) |
| 2:07 | Create | Villager (Male) |
| 2:10 | Build | Lumber Camp |
| 2:24 | Create | Villager (Male) |
| 2:24 | Create | Villager (Male) |
| 2:44 | Research | Loom |
| 2:51 | Create | Villager (Male) |
| 2:51 | Create | Villager (Male) |
| 3:15 | Create | Villager (Male) |
| 3:16 | Create | Villager (Male) |
| 3:42 | Create | Villager (Male) |
| 3:54 | Create | Villager (Male) |
| 4:06 | Build | House |
| 4:30 | Create | Villager (Male) |
| 4:31 | Create | Villager (Male) |
| 4:48 | Build | Dock |
| 5:02 | Create | Villager (Male) |
| 5:03 | Create | Villager (Male) |
| 5:44 | Create | Villager (Male) |
| 5:45 | Create | Fishing Ship |
| 5:49 | Build | House |
| 6:31 | Create | Villager (Male) |
| 6:40 | Create | Villager (Male) |
| 6:55 | Create | Villager (Male) |
| 6:55 | Create | Villager (Male) |
| 7:20 | Create | Fishing Ship |
| 7:35 | Create | Fishing Ship |
| 7:53 | Build | Palisade Wall |
| 8:10 | Build | Palisade Wall |
| 8:14 | Create | Villager (Male) |
| 8:14 | Create | Villager (Male) |
| 8:14 | Create | Villager (Male) |
| 8:14 | Create | Villager (Male) |
| 8:15 | Create | Villager (Male) |
| 8:21 | Build | Palisade Wall |
| 8:27 | Create | Villager (Male) |
| 8:34 | Create | Fishing Ship |
| 8:52 | Build | House |
| 9:03 | Build | House |
| 9:23 | Create | Fishing Ship |
| 9:27 | Create | Villager (Male) |
| 9:46 | Build | Palisade Wall |
| 10:29 | Create | Villager (Male) |
| 10:31 | Research | Feudal Age |
| 10:31 | Research | Feudal Age |
| 11:03 | Build | Palisade Wall |
| 11:09 | Build | Palisade Wall |
| 11:20 | Create | Fishing Ship |
| 11:40 | Build | Mining Camp |
| 11:46 | Build | Barracks |
| 12:06 | Create | Villager (Male) |
| 12:07 | Create | Villager (Male) |
| 12:44 | Age | Feudal Age |
| 12:45 | Create | Villager (Male) |
| 12:46 | Create | Villager (Male) |
| 12:56 | Build | Blacksmith |
| 13:04 | Build | Stone Wall |
| 13:10 | Build | Stable |
| 13:15 | Build | Archery Range |
| 13:28 | Create | Villager (Male) |
| 13:41 | Build | Mill |
| 13:52 | Research | Castle Age |
| 13:52 | Research | Castle Age |
| 14:10 | Build | Palisade Wall |
| 14:24 | Build | Palisade Wall |
| 14:36 | Build | Archery Range |
| 14:45 | Research | Fletching |
| 14:46 | Create | Archer |
| 14:46 | Create | Archer |
| 15:22 | Build | House |
| 15:24 | Build | House |
| 15:24 | Build | House |
| 15:26 | Build | House |
| 15:33 | Research | Gold Mining |
| 15:36 | Research | Double-Bit Axe |
| 15:49 | Research | Horse Collar |
| 15:49 | Research | Horse Collar |
| 15:53 | Build | Farm |
| 15:54 | Build | Farm |
| 16:02 | Create | Villager (Male) |
| 16:02 | Create | Villager (Male) |
| 16:12 | Build | Palisade Wall |
| 16:37 | Create | Villager (Male) |
| 16:39 | Age | Castle Age |
| 16:39 | Create | Archer |
| 16:39 | Create | Archer |
| 16:58 | Build | Farm |
| 17:01 | Build | Farm |
| 17:12 | Build | House |
| 17:25 | Research | Crossbowman (upgrade) |
| 17:28 | Create | Archer |
| 17:28 | Create | Archer |
| 17:35 | Build | Farm |
| 17:51 | Create | Archer |
| 17:52 | Create | Archer |
| 18:21 | Build | Town Center |
| 18:29 | Create | Villager (Male) |
| 18:29 | Create | Villager (Male) |
| 18:35 | Build | Palisade Gate |
| 18:47 | Create | Villager (Male) |
| 18:47 | Create | Villager (Male) |
| 19:07 | Create | Villager (Male) |
| 19:50 | Build | Town Center |
| 19:56 | Create | Villager (Male) |
| 19:56 | Create | Villager (Male) |
| 19:57 | Create | Villager (Male) |
| 20:06 | Create | Villager (Male) |
| 20:06 | Create | Villager (Male) |
| 20:06 | Create | Villager (Male) |
| 20:07 | Create | Villager (Male) |
| 20:25 | Build | Farm |
| 20:29 | Create | Archer |
| 20:30 | Create | Archer |
| 20:39 | Create | Villager (Male) |
| 20:39 | Create | Villager (Male) |
| 20:40 | Create | Villager (Male) |
| 20:40 | Create | Villager (Male) |
| 20:50 | Create | Fishing Ship |
| 20:58 | Create | Villager (Male) |
| 20:58 | Create | Villager (Male) |
| 21:12 | Research | Bodkin Arrow |
| 21:22 | Build | Palisade Gate |
| 21:23 | Create | Archer |
| 21:24 | Create | Archer |
| 21:49 | Build | Siege Workshop |
| 22:01 | Research | Padded Archer Armor |
| 22:12 | Build | Palisade Gate |
| 22:24 | Create | Archer |
| 22:24 | Create | Archer |
| 22:26 | Create | Villager (Male) |
| 22:26 | Create | Villager (Male) |
| 22:26 | Create | Villager (Male) |
| 22:26 | Create | Villager (Male) |
| 22:27 | Create | Villager (Male) |
| 22:28 | Create | Villager (Male) |
| 22:33 | Build | Fish Trap |
| 22:36 | Build | Fish Trap |
| 22:39 | Build | Fish Trap |
| 22:40 | Research | Tech 906 |
| 22:44 | Create | Villager (Male) |
| 22:44 | Create | Villager (Male) |
Build order — Gompachiro
First 150 of 312 actions detected
| 0:01 | Create | Villager (Male) |
| 0:01 | Create | Villager (Male) |
| 0:02 | Create | Villager (Male) |
| 0:02 | Create | Villager (Male) |
| 0:02 | Create | Villager (Male) |
| 0:04 | Build | House |
| 0:05 | Build | House |
| 1:29 | Create | Villager (Male) |
| 1:29 | Create | Villager (Male) |
| 1:53 | Create | Villager (Male) |
| 1:53 | Create | Villager (Male) |
| 2:11 | Build | Lumber Camp |
| 2:16 | Create | Villager (Male) |
| 2:30 | Create | Villager (Male) |
| 2:30 | Create | Villager (Male) |
| 3:04 | Build | House |
| 3:11 | Create | Villager (Male) |
| 3:11 | Create | Villager (Male) |
| 3:48 | Create | Villager (Male) |
| 3:48 | Create | Villager (Male) |
| 3:48 | Create | Villager (Male) |
| 3:57 | Create | Villager (Male) |
| 3:57 | Create | Villager (Male) |
| 4:12 | Create | Villager (Male) |
| 4:12 | Create | Villager (Male) |
| 4:40 | Create | Villager (Male) |
| 4:45 | Create | Villager (Male) |
| 4:46 | Create | Villager (Male) |
| 5:58 | Create | Villager (Male) |
| 5:58 | Create | Villager (Male) |
| 6:09 | Build | House |
| 6:13 | Build | House |
| 6:27 | Create | Villager (Male) |
| 6:27 | Create | Villager (Male) |
| 6:36 | Create | Villager (Male) |
| 6:36 | Create | Villager (Male) |
| 6:37 | Create | Villager (Male) |
| 6:51 | Build | Mill |
| 6:59 | Build | House |
| 7:01 | Create | Villager (Male) |
| 7:21 | Create | Villager (Male) |
| 7:33 | Build | Mill |
| 7:45 | Build | House |
| 7:46 | Create | Villager (Male) |
| 8:00 | Create | Villager (Male) |
| 8:15 | Build | Dock |
| 8:21 | Build | House |
| 8:33 | Research | Feudal Age |
| 8:33 | Research | Feudal Age |
| 8:57 | Build | House |
| 9:24 | Create | Fishing Ship |
| 9:51 | Build | Barracks |
| 9:57 | Create | Villager (Male) |
| 9:58 | Create | Villager (Male) |
| 10:13 | Create | Fishing Ship |
| 10:48 | Build | House |
| 10:49 | Build | Palisade Wall |
| 10:51 | Create | Villager (Male) |
| 10:58 | Age | Feudal Age |
| 11:08 | Research | Double-Bit Axe |
| 11:30 | Create | Spearman |
| 11:30 | Create | Spearman |
| 11:34 | Research | Loom |
| 11:40 | Build | Palisade Wall |
| 12:02 | Create | Spearman |
| 12:06 | Create | Villager (Male) |
| 12:12 | Create | Villager (Male) |
| 12:22 | Build | House |
| 12:33 | Build | Stable |
| 12:41 | Create | Villager (Male) |
| 12:46 | Create | Villager (Male) |
| 12:48 | Create | Spearman |
| 12:50 | Create | Spearman |
| 13:02 | Build | House |
| 13:07 | Build | Palisade Wall |
| 13:30 | Build | Palisade Wall |
| 13:34 | Create | Villager (Male) |
| 13:38 | Build | Farm |
| 13:43 | Research | Horse Collar |
| 13:51 | Build | Lumber Camp |
| 14:04 | Create | Scout Cavalry |
| 14:05 | Create | Scout Cavalry |
| 14:05 | Create | Scout Cavalry |
| 14:09 | Create | Villager (Male) |
| 14:12 | Build | Farm |
| 14:27 | Create | Spearman |
| 14:32 | Create | Spearman |
| 14:37 | Create | Villager (Male) |
| 14:39 | Create | Scout Cavalry |
| 14:45 | Create | Villager (Male) |
| 15:21 | Build | Stable |
| 15:24 | Create | Villager (Male) |
| 15:29 | Build | Palisade Wall |
| 15:39 | Build | Palisade Wall |
| 15:42 | Create | Villager (Male) |
| 15:44 | Create | Villager (Male) |
| 15:47 | Build | Farm |
| 15:50 | Build | Farm |
| 15:55 | Create | Scout Cavalry |
| 16:00 | Create | Villager (Male) |
| 16:05 | Create | Villager (Male) |
| 16:11 | Build | House |
| 16:12 | Build | House |
| 16:22 | Build | Blacksmith |
| 16:23 | Create | Scout Cavalry |
| 16:23 | Create | Scout Cavalry |
| 16:23 | Create | Scout Cavalry |
| 16:24 | Create | Scout Cavalry |
| 16:26 | Create | Scout Cavalry |
| 16:28 | Create | Villager (Male) |
| 16:36 | Build | House |
| 16:38 | Build | House |
| 17:04 | Create | Scout Cavalry |
| 17:04 | Create | Scout Cavalry |
| 17:14 | Build | Dock |
| 17:28 | Build | House |
| 17:37 | Research | Scale Barding Armor |
| 17:40 | Create | Villager (Male) |
| 17:55 | Build | Mining Camp |
| 18:00 | Build | House |
| 18:05 | Build | House |
| 18:09 | Build | Farm |
| 18:12 | Build | Farm |
| 18:13 | Create | Scout Cavalry |
| 18:13 | Create | Scout Cavalry |
| 18:14 | Create | Scout Cavalry |
| 18:17 | Create | Scout Cavalry |
| 18:17 | Create | Scout Cavalry |
| 18:32 | Create | Villager (Male) |
| 18:32 | Create | Villager (Male) |
| 18:34 | Build | Farm |
| 18:36 | Build | Farm |
| 18:39 | Build | Farm |
| 18:44 | Build | Lumber Camp |
| 18:46 | Create | Villager (Male) |
| 18:47 | Create | Villager (Male) |
| 19:15 | Create | Villager (Male) |
| 19:23 | Create | Villager (Male) |
| 19:30 | Build | House |
| 19:31 | Build | House |
| 19:34 | Create | Scout Cavalry |
| 19:54 | Create | Villager (Male) |
| 19:59 | Build | Farm |
| 20:01 | Build | Farm |
| 20:13 | Build | Market |
| 20:17 | Build | Farm |
| 20:20 | Build | Farm |
| 20:22 | Create | Villager (Male) |
| 20:24 | Create | Scout Cavalry |
| 20:24 | Create | Scout Cavalry |
Build order — HOU
First 150 of 285 actions detected
| 0:01 | Create | Villager (Male) |
| 0:01 | Create | Villager (Male) |
| 0:02 | Create | Villager (Male) |
| 0:03 | Build | House |
| 0:04 | Build | House |
| 0:16 | Create | Villager (Male) |
| 1:25 | Create | Villager (Male) |
| 2:01 | Create | Villager (Male) |
| 2:26 | Create | Villager (Male) |
| 2:26 | Create | Villager (Male) |
| 2:53 | Create | Villager (Male) |
| 3:08 | Build | House |
| 3:22 | Create | Villager (Male) |
| 3:22 | Create | Villager (Male) |
| 3:28 | Create | Villager (Male) |
| 3:58 | Build | Mill |
| 4:03 | Create | Villager (Male) |
| 4:06 | Create | Villager (Male) |
| 5:00 | Create | Villager (Male) |
| 5:00 | Create | Villager (Male) |
| 5:05 | Create | Villager (Male) |
| 5:25 | Create | Villager (Male) |
| 5:40 | Research | Loom |
| 5:51 | Build | Lumber Camp |
| 6:40 | Research | Feudal Age |
| 6:54 | Build | House |
| 7:04 | Create | Villager (Male) |
| 7:43 | Build | Barracks |
| 8:49 | Build | House |
| 8:50 | Age | Feudal Age |
| 8:59 | Build | Stable |
| 9:10 | Research | Double-Bit Axe |
| 9:11 | Create | Villager (Male) |
| 9:33 | Create | Villager (Male) |
| 9:48 | Create | Villager (Male) |
| 9:54 | Create | Scout Cavalry |
| 9:54 | Create | Scout Cavalry |
| 10:01 | Build | Palisade Gate |
| 10:14 | Create | Villager (Male) |
| 10:32 | Create | Villager (Male) |
| 10:40 | Create | Scout Cavalry |
| 11:03 | Build | Farm |
| 11:07 | Build | Farm |
| 11:08 | Build | Farm |
| 11:10 | Build | Farm |
| 11:11 | Create | Villager (Male) |
| 11:21 | Build | House |
| 11:26 | Create | Scout Cavalry |
| 11:38 | Create | Villager (Male) |
| 12:02 | Create | Villager (Male) |
| 12:20 | Create | Villager (Male) |
| 12:30 | Build | Blacksmith |
| 12:46 | Create | Villager (Male) |
| 12:49 | Create | Scout Cavalry |
| 13:04 | Create | Villager (Male) |
| 13:12 | Build | Farm |
| 13:12 | Build | Farm |
| 13:19 | Create | Scout Cavalry |
| 13:20 | Create | Villager (Male) |
| 13:28 | Create | Scout Cavalry |
| 13:38 | Build | Farm |
| 13:38 | Build | Farm |
| 13:48 | Create | Villager (Male) |
| 13:51 | Create | Scout Cavalry |
| 14:05 | Build | House |
| 14:08 | Create | Villager (Male) |
| 14:13 | Build | Mill |
| 14:23 | Research | Scale Barding Armor |
| 14:33 | Create | Villager (Male) |
| 14:55 | Create | Scout Cavalry |
| 15:10 | Create | Villager (Male) |
| 15:17 | Build | House |
| 15:25 | Build | Stable |
| 15:39 | Research | Forging |
| 15:41 | Create | Villager (Male) |
| 15:53 | Create | Scout Cavalry |
| 16:09 | Create | Villager (Male) |
| 16:24 | Create | Scout Cavalry |
| 16:25 | Create | Villager (Male) |
| 16:27 | Build | Farm |
| 16:28 | Build | Farm |
| 16:30 | Build | House |
| 16:34 | Create | Scout Cavalry |
| 16:37 | Create | Villager (Male) |
| 16:55 | Create | Scout Cavalry |
| 16:56 | Create | Villager (Male) |
| 17:10 | Build | Farm |
| 17:12 | Build | House |
| 17:19 | Build | Palisade Gate |
| 17:20 | Build | House |
| 17:22 | Create | Villager (Male) |
| 17:40 | Build | Farm |
| 17:41 | Build | Farm |
| 17:41 | Build | Farm |
| 17:46 | Build | Farm |
| 17:47 | Build | Farm |
| 17:48 | Build | Farm |
| 17:49 | Build | Farm |
| 17:52 | Build | Farm |
| 17:54 | Build | Farm |
| 17:54 | Create | Villager (Male) |
| 18:01 | Create | Scout Cavalry |
| 18:16 | Create | Scout Cavalry |
| 18:19 | Create | Villager (Male) |
| 18:27 | Build | Mining Camp |
| 18:38 | Build | House |
| 18:40 | Create | Scout Cavalry |
| 18:41 | Create | Villager (Male) |
| 18:52 | Create | Scout Cavalry |
| 18:53 | Create | Villager (Male) |
| 19:05 | Build | Farm |
| 19:14 | Create | Scout Cavalry |
| 19:30 | Create | Scout Cavalry |
| 19:41 | Create | Scout Cavalry |
| 19:52 | Create | Scout Cavalry |
| 19:53 | Create | Villager (Male) |
| 19:58 | Create | Scout Cavalry |
| 19:58 | Create | Villager (Male) |
| 20:11 | Create | Scout Cavalry |
| 20:12 | Create | Villager (Male) |
| 20:15 | Create | Villager (Male) |
| 20:30 | Build | Farm |
| 20:32 | Build | Farm |
| 20:33 | Build | Farm |
| 20:34 | Build | Farm |
| 20:37 | Build | House |
| 20:47 | Create | Villager (Male) |
| 21:21 | Create | Villager (Male) |
| 21:24 | Create | Scout Cavalry |
| 21:25 | Create | Villager (Male) |
| 21:35 | Create | Scout Cavalry |
| 22:23 | Build | Market |
| 22:33 | Research | Castle Age |
| 22:33 | Research | Castle Age |
| 22:43 | Build | Lumber Camp |
| 22:46 | Build | Farm |
| 22:46 | Build | Farm |
| 22:55 | Build | House |
| 22:57 | Build | Palisade Wall |
| 23:00 | Build | Palisade Gate |
| 23:19 | Research | Gold Mining |
| 23:56 | Create | Scout Cavalry |
| 24:23 | Create | Scout Cavalry |
| 25:03 | Create | Scout Cavalry |
| 25:08 | Create | Scout Cavalry |
| 25:13 | Age | Castle Age |
| 25:17 | Research | Husbandry |
| 25:20 | Create | Knight |
| 25:22 | Research | Chain Barding Armor |
| 25:23 | Research | Bow Saw |
Build order — El Gargolaaa
First 150 of 156 actions detected
| 0:06 | Research | Loom |
| 0:39 | Create | Villager (Male) |
| 0:39 | Create | Villager (Male) |
| 0:40 | Create | Villager (Male) |
| 1:06 | Create | Villager (Male) |
| 1:06 | Create | Villager (Male) |
| 1:37 | Create | Villager (Male) |
| 1:37 | Create | Villager (Male) |
| 1:37 | Create | Villager (Male) |
| 2:08 | Create | Villager (Male) |
| 2:08 | Create | Villager (Male) |
| 2:32 | Create | Villager (Male) |
| 2:32 | Create | Villager (Male) |
| 2:34 | Build | Lumber Camp |
| 2:55 | Create | Villager (Male) |
| 2:56 | Create | Villager (Male) |
| 3:10 | Create | Villager (Male) |
| 3:10 | Create | Villager (Male) |
| 3:43 | Create | Villager (Male) |
| 3:43 | Create | Villager (Male) |
| 4:09 | Build | House |
| 4:12 | Create | Villager (Male) |
| 4:13 | Create | Villager (Male) |
| 4:13 | Create | Villager (Male) |
| 4:13 | Create | Villager (Male) |
| 4:39 | Build | Mill |
| 5:04 | Create | Villager (Male) |
| 5:04 | Create | Villager (Male) |
| 5:20 | Create | Villager (Male) |
| 5:20 | Create | Villager (Male) |
| 5:21 | Create | Villager (Male) |
| 5:30 | Build | Palisade Wall |
| 6:01 | Build | House |
| 6:31 | Create | Villager (Male) |
| 6:31 | Create | Villager (Male) |
| 7:02 | Build | Dock |
| 7:30 | Create | Villager (Male) |
| 7:38 | Build | House |
| 7:45 | Create | Fishing Ship |
| 8:00 | Research | Feudal Age |
| 8:00 | Research | Feudal Age |
| 8:19 | Build | Lumber Camp |
| 8:57 | Create | Fishing Ship |
| 9:40 | Create | Villager (Male) |
| 9:40 | Create | Villager (Male) |
| 9:42 | Create | Fishing Ship |
| 10:11 | Create | Villager (Male) |
| 10:15 | Build | Market |
| 10:18 | Build | Blacksmith |
| 10:46 | Build | Mining Camp |
| 11:19 | Create | Fishing Ship |
| 11:25 | Build | House |
| 11:38 | Build | Barracks |
| 11:58 | Research | Double-Bit Axe |
| 12:33 | Create | Spearman |
| 12:33 | Create | Spearman |
| 12:33 | Create | Spearman |
| 12:50 | Build | Archery Range |
| 13:04 | Create | Spearman |
| 13:44 | Build | Watch Tower |
| 13:49 | Create | Skirmisher |
| 13:49 | Create | Skirmisher |
| 13:49 | Create | Skirmisher |
| 14:08 | Build | Gate |
| 14:24 | Build | Mill |
| 14:47 | Research | Fletching |
| 15:09 | Create | Villager (Male) |
| 15:09 | Create | Villager (Male) |
| 15:15 | Create | Skirmisher |
| 15:15 | Create | Skirmisher |
| 16:21 | Create | Villager (Male) |
| 16:22 | Create | Villager (Male) |
| 16:22 | Create | Villager (Male) |
| 16:53 | Create | Skirmisher |
| 16:53 | Create | Skirmisher |
| 16:53 | Create | Skirmisher |
| 17:02 | Research | Padded Archer Armor |
| 17:15 | Create | Skirmisher |
| 17:15 | Create | Skirmisher |
| 17:25 | Build | House |
| 17:27 | Build | House |
| 17:30 | Build | House |
| 17:32 | Create | Villager (Male) |
| 17:45 | Create | Villager (Male) |
| 18:35 | Create | Villager (Male) |
| 18:35 | Create | Villager (Male) |
| 18:36 | Create | Villager (Male) |
| 18:39 | Research | Wheelbarrow |
| 18:42 | Build | Farm |
| 18:44 | Build | Farm |
| 18:46 | Build | Farm |
| 19:24 | Build | Farm |
| 19:28 | Build | Farm |
| 20:02 | Build | Farm |
| 20:03 | Build | Farm |
| 20:07 | Create | Skirmisher |
| 20:07 | Create | Skirmisher |
| 20:08 | Create | Skirmisher |
| 20:17 | Create | Villager (Male) |
| 20:18 | Create | Villager (Male) |
| 20:18 | Create | Villager (Male) |
| 20:19 | Create | Villager (Male) |
| 20:19 | Create | Villager (Male) |
| 20:33 | Build | House |
| 20:45 | Build | Mining Camp |
| 21:41 | Create | Villager (Male) |
| 21:45 | Create | Skirmisher |
| 21:45 | Create | Skirmisher |
| 21:46 | Create | Skirmisher |
| 21:48 | Create | Spearman |
| 21:48 | Create | Spearman |
| 21:50 | Create | Villager (Male) |
| 21:58 | Build | Barracks |
| 22:28 | Create | Skirmisher |
| 22:29 | Create | Skirmisher |
| 22:29 | Create | Skirmisher |
| 22:32 | Build | Farm |
| 22:40 | Create | Villager (Male) |
| 23:00 | Build | Archery Range |
| 23:04 | Research | Forging |
| 23:11 | Build | House |
| 23:20 | Create | Demolition Raft |
| 23:22 | Create | Fishing Ship |
| 23:29 | Build | House |
| 23:47 | Build | Gate |
| 24:26 | Research | Town Watch |
| 24:27 | Create | Villager (Male) |
| 24:27 | Create | Villager (Male) |
| 24:42 | Build | Farm |
| 24:42 | Build | Farm |
| 24:42 | Build | Farm |
| 24:42 | Build | Farm |
| 25:35 | Create | Skirmisher ×5 |
| 25:36 | Create | Skirmisher ×5 |
| 25:49 | Create | Villager (Male) |
| 25:49 | Create | Villager (Male) |
| 25:49 | Create | Villager (Male) |
| 26:02 | Build | Farm |
| 26:09 | Create | Villager (Male) |
| 26:17 | Research | Horse Collar |
| 26:36 | Build | Farm |
| 26:38 | Create | Villager (Male) |
| 26:57 | Build | Farm |
| 26:58 | Create | Villager (Male) |
| 26:59 | Create | Villager (Male) |
| 27:09 | Create | Villager (Male) |
| 27:09 | Create | Villager (Male) |
| 28:12 | Build | Farm |
| 28:36 | Build | House |
| 28:37 | Build | House |
Match timeline
| 4:13 | 劳力天尊 · wall_segment Palisade Wall x8 |
| 4:48 | johnnyrak · first_building Dock |
| 4:49 | Ziton127 · first_building Barracks |
| 5:30 | El Gargolaaa · wall_segment Palisade Wall x1 |
| 6:26 | Mr. Fay · wall_segment Palisade Wall x12 |
| 6:35 | Wonder RF · first_building Dock |
| 7:02 | El Gargolaaa · first_building Dock |
| 7:18 | Mr. Fay · wall_segment Palisade Wall x6 |
| 7:19 | Mr. Fay · wall_segment Palisade Wall x12 |
| 7:25 | Ziton127 · first_building Dock |
| 7:43 | HOU · first_building Barracks |
| 7:53 | johnnyrak · wall_segment Palisade Wall x12 |
| 8:10 | johnnyrak · wall_segment Palisade Wall x9 |
| 8:10 | 劳力天尊 · first_building Barracks |
| 8:15 | Gompachiro · first_building Dock |
| 8:21 | johnnyrak · wall_segment Palisade Wall x8 |
| 8:50 | HOU · age_up feudal |
| 8:51 | Wonder RF · first_building Barracks |
| 8:59 | HOU · first_building Stable |
| 9:01 | 劳力天尊 · age_up feudal |
| 9:12 | 劳力天尊 · first_building Archery Range |
| 9:42 | Wonder RF · wall_segment Palisade Wall x5 |
| 9:43 | Wonder RF · age_up feudal |
| 9:46 | johnnyrak · wall_segment Palisade Wall x7 |
| 9:49 | Wonder RF · first_building Stable |
| 9:51 | Gompachiro · first_building Barracks |
| 9:58 | Mr. Fay · wall_segment Palisade Wall x8 |
| 10:02 | Ziton127 · first_building Stable |
| 10:23 | Mr. Fay · wall_segment Palisade Wall x14 |
| 10:46 | Wonder RF · wall_segment Palisade Wall x11 |
| 10:49 | Gompachiro · wall_segment Palisade Wall x1 |
| 10:58 | Gompachiro · age_up feudal |
| 11:03 | Mr. Fay · age_up feudal |
| 11:03 | johnnyrak · wall_segment Palisade Wall x9 |
| 11:09 | johnnyrak · wall_segment Palisade Wall x10 |
| 11:17 | Mr. Fay · wall_segment Stone Wall x8 |
| 11:38 | El Gargolaaa · first_building Barracks |
| 11:40 | Gompachiro · wall_segment Palisade Wall x9 |
| 11:46 | johnnyrak · first_building Barracks |
| 11:56 | Wonder RF · wall_segment Palisade Wall x11 |
| 12:22 | Mr. Fay · wall_segment Stone Wall x13 |
| 12:33 | Gompachiro · first_building Stable |
| 12:44 | johnnyrak · age_up feudal |
| 12:50 | El Gargolaaa · first_building Archery Range |
| 12:58 | Wonder RF · wall_segment Palisade Wall x16 |
| 13:04 | johnnyrak · wall_segment Stone Wall x1 |
| 13:07 | Gompachiro · wall_segment Palisade Wall x12 |
| 13:10 | johnnyrak · first_building Stable |
| 13:12 | Wonder RF · wall_segment Palisade Wall x10 |
| 13:15 | johnnyrak · first_building Archery Range |
| 13:30 | Gompachiro · wall_segment Palisade Wall x19 |
| 14:10 | johnnyrak · wall_segment Palisade Wall x7 |
| 14:24 | johnnyrak · wall_segment Palisade Wall x8 |
| 14:55 | Mr. Fay · wall_segment Stone Wall x2 |
| 15:29 | Gompachiro · wall_segment Palisade Wall x3 |
| 15:39 | Gompachiro · wall_segment Palisade Wall x15 |
| 16:12 | johnnyrak · wall_segment Palisade Wall x1 |
| 16:39 | johnnyrak · age_up castle |
| 17:42 | Ziton127 · wall_segment Palisade Wall x12 |
| 18:32 | Ziton127 · first_market_sell 100 wood |
| 18:47 | Wonder RF · wall_segment Palisade Wall x1 |
| 19:18 | Mr. Fay · age_up castle |
| 19:25 | Ziton127 · wall_segment Palisade Wall x14 |
| 19:58 | Wonder RF · age_up castle |
| 21:21 | Ziton127 · first_building Monastery |
| 21:27 | Gompachiro · first_market_sell 100 wood |
| 21:29 | Gompachiro · first_market_buy 100 food |
| 21:38 | Mr. Fay · first_market_buy 100 food |
| 21:49 | Mr. Fay · first_building Stable |
| 21:49 | johnnyrak · first_building Siege Workshop |
| 22:45 | Wonder RF · wall_segment Palisade Wall x9 |
| 22:57 | HOU · wall_segment Palisade Wall x6 |
| 25:01 | Mr. Fay · first_building Castle |
| 25:13 | HOU · age_up castle |
| 25:28 | Ziton127 · first_building Siege Workshop |
| 25:35 | Mr. Fay · wall_segment Stone Wall x11 |
| 25:38 | Mr. Fay · wall_segment Stone Wall x4 |
| 26:09 | Mr. Fay · first_building Siege Workshop |
| 26:18 | 劳力天尊 · age_up castle |
| 26:21 | Ziton127 · first_market_buy 100 stone |
| 26:21 | Gompachiro · wall_segment Stone Wall x7 |
| 26:28 | Gompachiro · wall_segment Stone Wall x1 |
| 26:39 | Ziton127 · first_building Castle |
| 27:01 | 劳力天尊 · first_market_sell 100 food |
| 27:01 | Gompachiro · wall_segment Stone Wall x1 |
| 27:16 | Gompachiro · wall_segment Stone Wall x1 |
| 27:16 | Gompachiro · wall_segment Stone Wall x1 |
| 27:32 | Mr. Fay · first_market_sell 100 food |
| 27:35 | Gompachiro · wall_segment Stone Wall x4 |
| 27:43 | Gompachiro · wall_segment Stone Wall x3 |
| 27:43 | Gompachiro · wall_segment Stone Wall x1 |
| 27:47 | Gompachiro · wall_segment Stone Wall x4 |
| 28:24 | El Gargolaaa · first_market_sell 100 stone |
| 28:26 | El Gargolaaa · first_market_buy 100 food |
| 28:27 | Gompachiro · wall_segment Stone Wall x14 |
| 29:17 | johnnyrak · first_building Monastery |
| 29:27 | El Gargolaaa · wall_segment Stone Wall x1 |
| 29:32 | Gompachiro · wall_segment Stone Wall x1 |
| 29:49 | johnnyrak · wall_segment Stone Wall x6 |
| 30:05 | 劳力天尊 · first_building Castle |
| 30:07 | Wonder RF · first_building Monastery |
| 30:31 | HOU · first_market_sell 100 wood |
| 30:39 | Gompachiro · age_up castle |
| 30:56 | Gompachiro · first_building Monastery |
| 31:12 | johnnyrak · first_building Castle |
| 31:35 | Gompachiro · wall_segment Stone Wall x10 |
| 32:13 | Wonder RF · first_building Castle |
| 32:40 | johnnyrak · first_market_sell 500 wood |
| 33:31 | Gompachiro · resign |
| 33:58 | Wonder RF · age_up imperial |
[ AI ANALYSIS · 1 CREDIT ]
What really happened in this match?
Wolo.gg analyzes every decision: build order, eco, micro, common mistakes by bracket. Personalized analysis on WhatsApp or Discord in 30 seconds.
Civ guide
Persians
Perfil
Jugador #21579357